 Dungeon Crawl Stone Soup version 0.22-a0-305-gd21a89c (webtiles) character file.

51 xccam the Cudgeler (level 3, 0/43 HPs)
             Began as a Demonspawn Berserker on Mar 29, 2018.
             Was a Believer of Trog.
             Succumbed to a goblin's poison
             ... on level 2 of the Dungeon.
             The game lasted 00:01:50 (767 turns).

xccam the Cudgeler (Demonspawn Berserker)            Turns: 767, Time: 00:01:51

Health: 0/43       AC:  4    Str: 23    XL:     3   Next: 57%
Magic:  1/3        EV: 12    Int:  8    God:    Trog [**....]
Gold:   97         SH:  0    Dex: 12    Spells: 2/2 levels left

rFire    . . .     SeeInvis .   a - +0 mace
rCold    . . .     Gourm    .   (no shield)
rNeg     . . .     Faith    .   b - +0 animal skin
rPois    .         Spirit   +   (no helmet)
rElec    .         Reflect  .   (no cloak)
rCorr    .         Harm     .   (no gloves)
MR       .....                  (no boots)
Stlth    ..........             j - amulet of guardian spirit
HPRegen  0.14/turn              (no ring)
MPRegen  0.08/turn              (no ring)

@: berserking (expiring), lethally poisoned (0 -> -20), very quick
A: hooves 1, slimy green scales 1
a: Berserk, Trog's Hand, Renounce Religion


You were on level 2 of the Dungeon.
You worshipped Trog.
Trog was pleased with you.
You were hungry.

You visited 1 branch of the dungeon, and saw 2 of its levels.

You collected 97 gold pieces.

Inventory:

Hand Weapons
 a - a +0 mace (weapon)
Armour
 b - a +0 animal skin (worn)
Jewellery
 j - an amulet of guardian spirit (around neck)
Scrolls
 d - a scroll of amnesia {unknown}
 e - a scroll of identify {unknown}
 f - a scroll of teleportation {unknown}
 h - 3 scrolls of noise {unknown}
 k - a scroll of enchant weapon {unknown}
Potions
 g - 2 potions of curing {unknown}
 i - a potion of heal wounds {unknown}
Comestibles
 c - 5 rations


   Skills:
 - Level 3.0 Fighting
 + Level 4.2 Maces & Flails
 - Level 1.7 Armour
 - Level 1.7 Dodging


You had 2 spell levels left.
You didn't know any spells.

Dungeon Overview and Level Annotations

Branches:
Dungeon (2/15)

Altars:


Innate Abilities, Weirdness & Mutations

You have large cloven feet.
You are partially covered in slimy green scales. (AC +2)


Message History

* * * LOW HITPOINT WARNING * * *
You feel sick.
The goblin hits you with a dagger of venom.
* * * LOW HITPOINT WARNING * * *
You closely miss the hobgoblin.
You kill the hobgoblin!
Trog accepts your kill.
* * * LOW HITPOINT WARNING * * *
You feel sick. The goblin misses you.
Unknown command.
You hit the goblin.
You kill the goblin!
Trog accepts your kill.
* * * LOW HITPOINT WARNING * * *
You feel sick.
The goblin no longer looks unusually strong.
The goblin hits you but does no damage.
You are more poisoned.
You barely miss the goblin. Your kick misses the goblin.
You die...

.. ###. . ..
..... .. .###
.... ... ...
#>.# .... g.
#..# .....#.
...#
......g##..####
#.)@gg....#
#.###g###<.) ..
#..<# ## #.###
#.. #. .. .# ..


You could see 2 hobgoblins and 3 goblins.

Vanquished Creatures
  Robin (D:2)
  2 dart slugs (D:1)
  A leopard gecko (D:1)
  A ball python (D:1)
  3 bats (D:1)
  3 giant cockroaches (D:1)
  7 goblins
  7 hobgoblins
  2 kobolds (D:1)
  A frilled lizard (D:1)
  A rat (D:1)
29 creatures vanquished.

Notes
Turn   | Place    | Note
-------+----------+-------------------------------------------
     0 | D:1      | xccam the Demonspawn Berserker began the quest for the Orb.
     0 | D:1      | Reached XP level 1. HP: 18/18 MP: 1/1
    47 | D:1      | Reached skill level 3 in Maces & Flails
   302 | D:1      | Gained mutation: You are partially covered in slimy green scales. (AC +2) [demonic ancestry]
   302 | D:1      | Reached XP level 2. HP: 19/24 MP: 2/2
   594 | D:1      | Gained mutation: You have large cloven feet. [demonic ancestry]
   594 | D:1      | Reached XP level 3. HP: 29/29 MP: 3/3
   752 | D:2      | Noticed Robin
   761 | D:2      | Reached skill level 4 in Maces & Flails
   764 | D:2      | Killed Robin
   764 | D:2      | Reached ** piety under Trog
   765 | D:2      | HP: 2/43 [poisoned by a goblin]
   767 | D:2      | Succumbed to a goblin's poison

Vault maps used:
D:1:      minmay_arrival_checkered_box
D:2:      serial_forest, infiniplex_forest_lined_1, infiniplex_forest_corner_2,
          infiniplex_forest_zigzag_1, infiniplex_forest_clump_small,
          infiniplex_forest_corner_1, infiniplex_forest_straight_2,
          infiniplex_forest_straight_4, st_stairs_8, uniq_robin, uniq_natasha

Skill      XL: |  1  2  3 |
---------------+----------+-----
Maces & Flails | 3 4 |  4.2
Fighting       | |  3.0
Armour         | |  1.7
Dodging        | |  1.7

Action                   || total
-------------------------++-------
Melee: Mace              ||    81
       Kick              ||     3
Invok: Berserk           ||     1
Armor: Animal skin       ||    26
Dodge: Dodged            ||    85

Table legend:
 A = Spawn XP
 B = Non-spawn XP
 C = Spawn XP percentage of total XP
 D = Spawn monster count
 E = Non-spawn monster count
 F = Spawn count percentage of total count
 G = Total turns spent on level
                    A         B        C        D         E        F      G
               +---------+---------+-------+---------+---------+-------+---------
         Total |       0 |      73 |   0.0 |       0 |      29 |   0.0 |   767
               +---------+---------+-------+---------+---------+-------+---------
           D:1 |       0 |      43 |   0.0 |       0 |      21 |   0.0 |   751
           D:2 |       0 |      30 |   0.0 |       0 |       8 |   0.0 |    16
               +---------+---------+-------+---------+---------+-------+---------
